 Dungeon Crawl Stone Soup version 0.29-a0-577-gafbf2c5d25 (webtiles) character file.

Game seed: 10926937390850234138

1617 DocClef the Skirmisher (level 8, -5/74 HPs)
             Began as a White Draconian Delver on June 13, 2022.
             Was a Follower of Okawaru.
             Killed from afar by a steam dragon (12 damage)
             ... with a ball of steam
             ... on level 7 of the Dungeon.
             The game lasted 00:07:16 (5403 turns).

DocClef the Skirmisher (White Draconian Delver)     Turns: 5403, Time: 00:07:17

Health: -5/74      AC: 11    Str: 15    XL:     8   Next: 64%
Magic:  12/12      EV: 13    Int: 13    God:    Okawaru [*.....]
Gold:   400        SH:  0    Dex: 14    Spells: 7/7 levels left

rFire   . . .      SeeInvis +   r - +2 short sword (venom)
rCold   + . .      Faith    .   (no shield)
rNeg    . . .      Spirit   .   (body armour unavailable)
rPois   .          Reflect  .   G - +3 crown of Dyrovepreva {rElec Int+2 SInv}
rElec   +          Harm     .   g - +0 cloak
rCorr   .          Rampage  .   o - +0 pair of gloves
Will    .....                   (no boots)
Stlth   +++.......              v - amulet of regeneration
HPRegen 1.02/turn               (no ring)
MPRegen 0.13/turn               (no ring)

@: short of breath
A: breathe frost, AC +6, unfitting armour, cold resistance 1, cold-blooded
a: Breathe Frost, Renounce Religion, Heroism


You were on level 7 of the Dungeon.
You worshipped Okawaru.
Okawaru was aware of your devotion.
You visited 2 branches of the dungeon, and saw 8 of its levels.

You collected 400 gold pieces.

Inventory:

Hand Weapons
 a - a +0 short sword
 r - a +2 short sword of venom (weapon)
Armour
 g - a +0 cloak (worn)
 o - a +0 pair of gloves (worn)
 G - the +3 crown of Dyrovepreva (worn) {rElec Int+2 SInv}
   (You found it on level 5 of the Dungeon)

   Int:       It affects your intelligence (+2).
   rElec:     It insulates you from electricity.
   SInv:      It lets you see invisible.
Jewellery
 v - an amulet of regeneration (around neck)
 B - a ring of magical power
 E - a +6 ring of dexterity
 I - a ring of fire
 K - a ring of ice
Wands
 f - a wand of digging (3)
 C - a wand of mindburst (8)
 J - a wand of polymorph (7)
Scrolls
 b - 2 scrolls of fog
 c - 2 scrolls of magic mapping
 d - 3 scrolls of fear
 h - 2 scrolls of amnesia {unknown}
 i - 3 scrolls of enchant weapon {unknown}
 j - 4 scrolls of identify {unknown}
 m - 2 scrolls of vulnerability {unknown}
 s - 3 scrolls of immolation {unknown}
 t - 3 scrolls of enchant armour {unknown}
 y - a scroll of teleportation {unknown}
 z - a scroll of summoning {unknown}
 A - 2 scrolls of poison {unknown}
 D - a scroll of blinking {unknown}
 H - a scroll of acquirement {unknown}
Potions
 e - 2 potions of haste
 k - 2 potions of curing {unknown}
 l - a potion of cancellation {unknown}
 n - 2 potions of brilliance {unknown}
 p - 4 potions of resistance {unknown}
 q - a potion of lignification {unknown}
 u - 2 potions of might {unknown}
 w - 2 potions of heal wounds {unknown}
 x - 4 potions of attraction {unknown}
 F - a potion of flight {unknown}


   Skills:
 + Level 7.9 Fighting
 - Level 4.5 Short Blades
 - Level 3.4 Dodging
 - Level 6.5 Stealth
 - Level 5.4 Invocations


You had 7 spell levels left.
You didn't know any spells.
Your spell library contained the following spells:

 Spells                   Type           Power      Damage    Failure   Level
 Sandblast                Erth           0%         2d4       30%         1
 Passwall                 Tmut/Erth      0%         N/A       43%         2
 Scorch                   Fire           0%         2d5       43%         2
 Stone Arrow              Conj/Erth      0%         3d7       67%         3
 Flame Wave               Conj/Fire      0%         2d4       97%         4
 Fireball                 Conj/Fire      0%         3d3       100%        5
 Starburst                Conj/Fire      0%         6d3       100%        6
 Ignition                 Fire           0%         3d3       100%        8
 Summon Small Mammal      Summ           Unusable   N/A       N/A         1
 Call Canine Familiar     Summ           Unusable   N/A       N/A         3
 Summon Guardian Golem    Hex/Summ       Unusable   N/A       N/A         3
 Summon Cactus Giant      Summ           Unusable   N/A       N/A         6

Dungeon Overview and Level Annotations

Branches:
Dungeon (7/15)             Temple (1/1) D:5

Altars:
Ashenzari
Cheibriados
Dithmenos
Elyvilon
Fedhas
Gozag
Hepliaklqana
Kikubaaqudgha
Makhleb
Nemelex Xobeh
Okawaru
Qazlal
Ru
Sif Muna
Trog
Vehumet
Wu Jian
Xom
Yredelemnul
Zin
The Shining One

Shops:
D:4 *   D:5 *

Annotations:
D:4 1 runed translucent door, DocClef's ghost, amateur GnDe


Innate Abilities, Weirdness & Mutations

You can breathe waves of freezing cold which knock back foes.
Your icy white scales are hard. (AC +6)
You cannot fit into any form of body armour.
Your flesh is cold resistant. (rC+)
You are cold-blooded and may be slowed by cold attacks.


Message History

The steam dragon breathes steam at you.
The ball of steam misses the steam dragon.
The ball of steam hits you but does no damage.
The steam dragon misses you. The steam dragon barely misses you.
You closely miss the steam dragon.
The steam dragon is lightly wounded.
You are engulfed in a cloud of scalding steam.
Aiming: Breathe Frost (4% risk of failure)
Press: ? - help, Shift-Dir - straight line, f - steam dragon
Aim: a steam dragon (steam, lightly wounded, 68% to hit)
You exhale a wave of freezing cold.
The freezing breath hits the steam dragon!
The steam dragon is heavily wounded.
You are engulfed in a cloud of scalding steam.
The steam dragon misses you. The steam dragon closely misses you.
You hit the steam dragon but do no damage.
The steam dragon is poisoned.
Your tail-slap misses the steam dragon.
The steam dragon is heavily wounded.
You are engulfed in a cloud of scalding steam.
The steam dragon bites you.
The steam dragon claws you but does no damage.
You hit the steam dragon but do no damage.
Your tail-slap misses the steam dragon.
The steam dragon is heavily wounded.
The steam dragon breathes steam at you. The ball of steam hits you!
You hit the steam dragon.
The steam dragon looks even sicker.
The steam dragon is severely wounded.
You are engulfed in a cloud of scalding steam.
* * * LOW HITPOINT WARNING * * *
The steam dragon closely misses you.
The steam dragon claws you but does no damage.
The steam dragon completely misses you. The steam dragon claws you.
* * * LOW HITPOINT WARNING * * *
The steam dragon breathes steam at you. The ball of steam hits you!
* * * LOW HITPOINT WARNING * * *
The steam dragon breathes steam at you. The ball of steam hits you!
You die...

###.#)###...#.# #...
.##.#..<..#...##...# .#
.#..#.....# ..#..[###.
..........##.........
.#.##...............
...##.......#.......
....)..........##.#
..............###.#
..............##@.# .#
................ยง##...##
....#...........DD......
##..#####.#.#.#.........
#...# #.............##
##.#.# #[............#
#..#..................#
..###.............#...#
..<.......##......#.###


You could see 2 steam dragons.

Vanquished Creatures
  Joseph (D:7)
  Menkaure (D:6)
  A water moccasin (D:5)
  2 black bears
  A phantom (D:5)
  A bullfrog (D:7)
  2 scorpions (D:5)
  A howler monkey (D:5)
  3 hounds
  A jelly (D:5)
  A gnoll shaman (D:7)
  4 iguanas
  3 orc wizards (D:4)
  5 gnolls (D:7)
  5 adders
  3 ufetubi
  3 worms (D:2)
  3 dart slugs
  9 orcs
  2 bats (D:2)
  6 endoplasms
  2 giant cockroaches
  4 goblins
  7 hobgoblins
  3 jackals
  6 quokkas
  7 ball pythons
  3 frilled lizards (D:2)
  9 kobolds
  A rat (D:1)
  A butterfly (D:5)
101 creatures vanquished.

Vanquished Creatures (others)
  An ice beast (D:7)
1 creature vanquished.

Grand Total: 102 creatures vanquished

Notes
Turn   | Place    | Note
-------+----------+-------------------------------------------
     0 | D:5      | DocClef the Draconian Delver began the quest for the Orb.
     0 | D:5      | Reached XP level 1. HP: 19/19 MP: 1/1
     5 | D:5      | Noticed a jelly
    12 | D:5      | Killed a jelly
    13 | D:5      | Reached skill level 5 in Stealth
    13 | D:5      | Reached XP level 2. HP: 26/26 MP: 2/2
    13 | D:5      | Reached XP level 3. HP: 31/31 MP: 3/3
   211 | D:5      | Noticed a phantom
   321 | D:3      | Reached XP level 4. HP: 15/40 MP: 4/4
   633 | D:3      | Noticed a black bear
  1454 | D:2      | Reached skill level 4 in Fighting
  2037 | D:1      | Reached XP level 5. HP: 46/46 MP: 5/5
  2893 | D:4      | Noticed DocClef's ghost (amateur GnDe)
  2932 | D:4      | Found a runed translucent door.
  3164 | D:4      | Reached XP level 6. HP: 52/52 MP: 6/6
  3171 | D:4      | Found Miur's Neck Hole.
  3538 | D:5      | Your scales start taking on an icy white colour.
  3538 | D:5      | Reached XP level 7. HP: 60/60 MP: 7/7
  3538 | D:5      | Gained mutation: Your flesh is cold resistant. (rC+) [White
                  | Draconian growth]
  3617 | D:5      | Found a staircase to the Ecumenical Temple.
  3661 | Temple   | Entered the Ecumenical Temple
  3942 | Temple   | Became a worshipper of Warmaster Okawaru
  3968 | D:5      | Found the +3 crown of Dyrovepreva {rElec Int+2 SInv}
  4388 | D:5      | Found Heihimish's General Store.
  4462 | D:6      | Noticed Menkaure
  4782 | D:6      | Killed Menkaure
  4782 | D:6      | Reached * piety under Okawaru
  4783 | D:6      | Reached skill level 5 in Invocations
  4783 | D:6      | Reached XP level 8. HP: 54/67 MP: 10/12
  5108 | D:7      | Reached skill level 5 in Fighting
  5313 | D:7      | Noticed Joseph
  5337 | D:7      | Killed Joseph
  5338 | D:7      | Reached skill level 7 in Fighting
  5403 | D:7      | Killed from afar by a steam dragon

Illustrated notes

Levels and vault maps discovered:
D:1:      noname_arrival_rooms_in_the_neighbourhood, layout_basic,
          shapermc_ecumenical_altar_mp_urbaneastern
D:2:      minmay_alternating_diamond, layout_basic, nicolae_figureground_pulse
D:3:      layout_rooms
D:4:      layout_basic, hellmonk_ghost_happy_afterlife,
          nicolae_shop_sticking_my_neck_out
D:5:      layout_cave_pods, minmay_temple_entry_butterflies, serial_shops,
          kennysheep_mini
D:6:      layout_rooms, uniq_menkaure
D:7:      layout_rooms, kennysheep_generic_room_8, uniq_joseph
Temple:   compressed_dpeg_triangle_lava_temple

Skill      XL: |  1  2  3  4  5  6  7  8 |
---------------+-------------------------+-----
Stealth        | 5 6 |  6.5
Dodging        | 2 3 |  3.4
Fighting       | 4 7 |  7.9
Short Blades   | 3 4 |  4.5
Invocations    | 5 |  5.4

Action                   |  1- 3 |  4- 6 |  7- 9 || total
-------------------------+-------+-------+-------++-------
Melee: Short sword       |    32 |   228 |   119 ||   379
       Tailslap          |     1 |    27 |    15 ||    43
       Punch             |       |       |     2 ||     2
 Abil: Breathe Frost     |       |       |     3 ||     3
 Stab: Sleeping          |     2 |    15 |     2 ||    19
       Distracted        |       |       |     1 ||     1
Armor: Skin              |    11 |    83 |    43 ||   137
Dodge: Dodged            |    21 |   111 |    74 ||   206

Table legend: (Time is in decaauts)
 A = Elapsed time spent in this place.
 B = Non-inter-level travel time spent in this place.
 C = Inter-level travel time spent in this place.
 D = Time resting spent in this place.
 E = Time spent auto-exploring this place.
 F = Levels seen in this place.
 G = Mean time per level.
                   A        B        C        D        E       F      G
               +--------+--------+--------+--------+--------+-----+--------+
         Total |   5383 |   5110 |    273 |    645 |   3471 |   8 |  672.9 |
       Dungeon |   5096 |   4844 |    252 |    645 |   3222 |   7 |  728.0 |
        Temple |    286 |    265 |     21 |      0 |    249 |   1 |  286.0 |
               +--------+--------+--------+--------+--------+-----+--------+

Top non-repeatable levels by time:
     D:2: 1190 daAuts
     D:5: 1056 daAuts
     D:3: 771 daAuts
     D:4: 691 daAuts
     D:1: 584 daAuts
     D:6: 452 daAuts
     D:7: 350 daAuts
  Temple: 286 daAuts
